 Dungeon Sprint DCSS version 0.31-a0-95-g6fa058ef04 (webtiles) character file.

Game seed: 10357390367868908863

1178 sircluck the Basher (level 8, -1/133 HPs)
             Began as a Troll Berserker on May 25, 2023.
             Was an Elder of Trog.
             Slain by Sonja
             ... wielding a +2 short sword of venom
              (8 damage)
             ... in the Dungeon (Sprint I: "Red Sonja").
             The game lasted 00:01:24 (456 turns).

sircluck the Basher (Troll Berserker)                Turns: 456, Time: 00:01:25

Health: -1/133     AC:  4    Str: 28    XL:     8   Next: 18%
Magic:  7/7        EV: 12    Int:  3    God:    Trog [****..]
Gold:   345        SH:  0    Dex:  9    Spells: 7/7 levels left

rFire   . . .        j - +0 giant club
rCold   . . .        (shield currently unavailable)
rNeg    . . .        b - +0 animal skin
rPois   .            (helmet restricted)
rElec   .            (no cloak)
rCorr   .            (gloves unavailable)
SInv    .            (boots unavailable)
Will    .....        (no amulet) Stlth
                     (no ring)
HPRegen 1.22/turn    (no ring)
MPRegen 0.10/turn

%: no teleportation
@: berserking, lethally poisoned (-1 -> -54), very quick
A: large, unfitting armour, claws 3, regeneration 1, shaggy fur 1, tough skin 1
a: Renounce Religion, Berserk, Trog's Hand, Brothers in Arms


You were in the Dungeon.
You worshipped Trog.
Trog was greatly pleased with you.
You visited 1 branch You collected 420 gold pieces.
You spent 75 gold pieces at shops.

Inventory:

Hand Weapons
 a - a +0 mace
 j - a +0 giant club (weapon)
Missiles
 l - 3 stones (quivered)
Armour
 b - a +0 animal skin (worn)
Wands
 i - a wand of acid (3)
 k - a wand of digging (1)
Scrolls
 h - a scroll of blinking
Potions
 c - a potion of curing
 d - a potion of heal wounds
 e - a potion of haste
 f - 2 potions of magic
 g - a potion of berserk rage


   Skills:
 + Level 8.6 Fighting
 + Level 11.3 Maces & Flails
 + Level 8.4 Dodging


You had 7 spell levels left.
You didn't know any spells.
Your spell library was empty.

Dungeon Overview and Level Annotations

Branches:
Dungeon (1/1)

Altars:
Cheibriados
Dithmenos
Elyvilon
Fedhas
Gozag
Hepliaklqana
Kikubaaqudgha
Makhleb
Nemelex Xobeh
Okawaru
Qazlal
Ru
Sif Muna
Trog
Uskayaw
Vehumet
Wu Jian
Xom
Yredelemnul
Zin
The Shining One
Jiyva
Lugonu

Shops:
D *

Annotations:
D Sonja


Innate Abilities, Weirdness & Mutations

You are too large for most types of armour.
You have claws for hands.
Your natural rate of healing is unusually fast.
You are covered in fur. (AC +1)
You have tough skin. (AC +1)


Message History

Sonja hits you with a +2 short sword of venom!
You are more poisoned.
Sonja hits you with a +2 short sword of venom!
You are more poisoned.
Sonja barely misses you.
You completely miss Sonja.
You feel extremely sick.
Unknown command.
You closely miss Sonja.
You feel extremely sick.
Sonja hits you with a +2 short sword of venom.
Sonja barely misses you.
Sonja hits you with a +2 short sword of venom.
You are lethally poisoned!
Sonja barely misses you.
Sonja hits you with a +2 short sword of venom.
You are more poisoned.
Sonja hits you but does no damage.
You are more poisoned.
You miss Sonja.
* * * LOW HITPOINT WARNING * * *
You feel extremely sick. Sonja misses you. Sonja barely misses you.
Sonja hits you with a +2 short sword of venom.
* * * LOW HITPOINT WARNING * * *
Unknown command.
You completely miss Sonja.
* * * LOW HITPOINT WARNING * * *
You feel extremely sick. Sonja misses you.
Sonja hits you with a +2 short sword of venom.
* * * LOW HITPOINT WARNING * * *
You are more poisoned.
Sonja hits you with a +2 short sword of venom.
* * * LOW HITPOINT WARNING * * *
You miss Sonja.
* * * LOW HITPOINT WARNING * * *
You feel extremely sick.
Sonja hits you with a +2 short sword of venom!
You die...

##########################***
#<.#..'..#..'..#__#..')..#,,*
#..').#..)..#..'..'..#)..#*+*
#..#####'#####'#__####...+,,*
#..####..#...#.####,,#####,,+
#..#__####..##.#~~~,,*,,**+**
#..#_____##'#_.+~~~,,+,,*,,,,
#⌠⌠#_.∩...†.K._#~~~,,*,,*,,,,
####_..__##_@#'#*+*****+***,,
*,,#_____###'#.#,,,,***,+,*,,
***#######*#.###*+***,***,*,,
*∩,,,,,,,,+$.$+,,,,,+,∩**,*,,
***++++****$.$***********,**+
*,,,,,,,**##.##*,,,,,,,**,**,
*,,,,,,,,*,#+#,*,,,,,,,,+,***
*,,*,,,,,*,,,,,*+++******,*,,
*,,,,,,,,*,,,,,*,,,,,,,,*,***


You could see Sonja.

Vanquished Creatures
  2 kobold demonologists (D)
  Sigmund (D)
  A slime creature (D)
  A yak (D)
  A floating eye (D)
  An ogre (D)
  A jelly (D)
  Ijyb (D)
9 creatures vanquished.

Notes
Turn   | Place    | Note
-------+----------+-------------------------------------------
     0 | D        | sircluck the Troll Berserker began the quest for the Orb.
     0 | D        | Reached XP level 1. HP: 22/22 MP: 0/0
     2 | D        | Noticed Ijyb
     8 | D        | Killed Ijyb
     9 | D        | Reached skill level 4 in Maces & Flails
     9 | D        | Reached XP level 2. HP: 22/32 MP: 1/1
    28 | D        | Noticed an ogre
    38 | D        | Killed an ogre
    39 | D        | Reached skill level 5 in Fighting
    39 | D        | Reached skill level 5 in Maces & Flails
    39 | D        | Reached XP level 3. HP: 20/42 MP: 2/2
    39 | D        | Reached XP level 4. HP: 24/50 MP: 3/3
    73 | D        | Noticed Sigmund
    97 | D        | Killed Sigmund
    97 | D        | Reached ** piety under Trog
    98 | D        | Reached skill level 7 in Maces & Flails
    98 | D        | Reached XP level 5. HP: 15/61 MP: 4/4
    98 | D        | Reached XP level 6. HP: 16/68 MP: 5/5
   161 | D        | Found a burning altar of Makhleb.
   161 | D        | Found a viscous altar of Jiyva.
   161 | D        | Found a shimmering altar of Xom.
   161 | D        | Found a corrupted altar of Lugonu.
   161 | D        | Noticed a slime creature
   167 | D        | Killed a slime creature
   168 | D        | Reached skill level 8 in Maces & Flails
   332 | D        | Noticed a kobold demonologist
   332 | D        | Noticed a floating eye
   332 | D        | Noticed a kobold demonologist
   333 | D        | Paralysed by a floating eye for 2 turns
   335 | D        | Noticed a hellwing
   335 | D        | Killed a floating eye
   336 | D        | Reached skill level 9 in Maces & Flails
   336 | D        | Reached XP level 7. HP: 78/78 MP: 6/6
   342 | D        | Noticed a soul eater
   342 | D        | Killed a kobold demonologist
   342 | D        | Reached *** piety under Trog
   343 | D        | Reached skill level 10 in Maces & Flails
   351 | D        | Killed a kobold demonologist
   352 | D        | Reached XP level 8. HP: 50/89 MP: 7/7
   392 | D        | Found an ornate altar of the Wu Jian Council.
   392 | D        | Found a shimmering blue altar of Sif Muna.
   394 | D        | Found a radiant altar of Vehumet.
   397 | D        | Reached skill level 11 in Maces & Flails
   430 | D        | Found Ziezets's General Store.
   430 | D        | Found an ancient bone altar of Kikubaaqudgha.
   430 | D        | Found a hazy altar of Hepliaklqana.
   430 | D        | Found a hide-covered altar of Uskayaw.
   430 | D        | Found a basalt altar of Yredelemnul.
   430 | D        | Found an opulent altar of Gozag.
   430 | D        | Found a snail-covered altar of Cheibriados.
   430 | D        | Found a sacrificial altar of Ru.
   430 | D        | Found a shadowy altar of Dithmenos.
   433 | D        | Reached **** piety under Trog
   434 | D        | Found a stormy altar of Qazlal.
   434 | D        | Found a blossoming altar of Fedhas.
   434 | D        | Found a bloodstained altar of Trog.
   434 | D        | Found an iron altar of Okawaru.
   434 | D        | Found a glowing golden altar of the Shining One.
   434 | D        | Found a glowing silver altar of Zin.
   434 | D        | Found a white marble altar of Elyvilon.
   436 | D        | Found a sparkling altar of Nemelex Xobeh.
   440 | D        | Bought a scroll of magic mapping for 75 gold pieces
   448 | D        | Noticed Sonja
   456 | D        | Slain by Sonja

Illustrated notes

Levels and vault maps discovered:
D:        dungeon_sprint_1 [red_sonja_temple_1, red_sonja_temple_small_1]

Skill      XL: |  1  2  3  4  5  6  7  8 |
---------------+-------------------------+-----
Fighting       | 3 5 6 7 8 |  8.6
Maces & Flails | 4 5 7 9 10 11 | 11.3
Dodging        | 3 4 6 7 8 |  8.4

Action                     |  1- 3 |  4- 6 |  7- 9 || total
---------------------------+-------+-------+-------++-------
  Melee: Mace              |    12 |       |       ||    12
         Giant club        |       |    22 |    26 ||    48
 Invoke: Berserk           |     1 |       |     2 ||     3
    Use: Scroll            |       |       |     1 ||     1
 Armour: Animal skin       |       |     1 |     9 ||    10
  Dodge: Dodged            |     6 |    11 |    28 ||    45

Table legend: (Time is in decaauts)
 A = Elapsed time spent in this place.
 B = Non-inter-level travel time spent in this place.
 C = Inter-level travel time spent in this place.
 D = Time resting spent in this place.
 E = Time spent auto-exploring this place.
 F = Levels seen in this place.
 G = Mean time per level.
                   A        B        C        D        E       F      G
               +--------+--------+--------+--------+--------+-----+--------+
         Total |    478 |    478 |      0 |    269 |     10 |   1 |  478.0 |
       Dungeon |    478 |    478 |      0 |    269 |     10 |   1 |  478.0 |
               +--------+--------+--------+--------+--------+-----+--------+

Top non-repeatable levels by time:
       D: 478 daAuts
